 Dungeon Crawl Stone Soup version 0.21.1-1-g345015f (webtiles) character file.

60 neds the Sneak (level 3, -20/27 HPs)
             Began as a Vampire Assassin on Mar 7, 2018.
             Was an Initiate of Dithmenos.
             Demolished by an ogre
             ... wielding a +0 giant spiked club
              (32 damage)
             ... on level 2 of the Dungeon.
             The game lasted 00:17:38 (1252 turns).

neds the Sneak (Vampire Assassin)                   Turns: 1252, Time: 00:17:39

Health: -20/27     AC:  3    Str: 10    XL:     3   Next: 80%
Magic:  3/3        EV: 12    Int: 13    God:    Dithmenos [......]
Gold:   51         SH:  0    Dex: 16    Spells: 2/2 levels left

rFire    . . .     SeeInvis +   a - +2 dagger
rCold    . . .     Gourm    .   (no shield)
rNeg     + . .     Faith    .   c - +0 robe
rPois    .         Spirit   .   (no helmet)
rElec    .         Reflect  .   d - +0 cloak
rCorr    .         Harm     .   (no gloves)
MR       .....                  (no boots)
Stlth    +++++.....             (no amulet)
HPRegen  0.09/turn              p - ring of stealth
MPRegen  0.08/turn              (no ring)

@: no status effects
A: fangs 3, see invisible, unbreathing
a: Bat Form, Renounce Religion


You were on level 2 of the Dungeon.
You worshipped Dithmenos.
Dithmenos was noncommittal.
You were not thirsty.

You visited 1 branch of the dungeon, and saw 2 of its levels.

You collected 51 gold pieces.

Inventory:

Hand Weapons
 a - a +2 dagger (weapon)
 b - a +0 blowgun
 i - a +0 whip
 r - a +0 dagger
 v - a +0 short sword
Missiles
 e - 28 poisoned needles
 f - 2 curare-tipped needles
Armour
 c - a +0 robe (worn)
 d - a +0 cloak (worn)
 j - a cursed +0 robe
Jewellery
 p - a ring of stealth (left hand)
Scrolls
 h - 3 scrolls of teleportation {unknown}
 k - a scroll of random uselessness {unknown}
 n - a scroll of fear {unknown}
 t - a scroll of enchant weapon {unknown}
 u - a scroll of identify {unknown}
Potions
 g - a potion of blood
 m - a potion of degeneration {unknown}
 o - a potion of invisibility {unknown}
 q - 2 potions of curing {unknown}
 s - a potion of cancellation {unknown}
Comestibles
 l - a ration


   Skills:
 + Level 2.2 Fighting
 + Level 3.0 Short Blades
 - Level 1.6 Throwing
 + Level 1.9 Dodging
 + Level 6.9 Stealth


You had 2 spell levels left.
You didn't know any spells.

Dungeon Overview and Level Annotations

Branches:
Dungeon (2/15)

Altars:
Dithmenos
Trog
Wu Jian


Innate Abilities, Weirdness & Mutations

You have razor-sharp teeth.
You have supernaturally acute eyesight. (SInv)
You can survive without breathing.


Message History

The ogre is heavily wounded.
The ogre barely misses you.
You hit the ogre.
The ogre is heavily wounded.
The ogre closely misses you.
Take off which item? (? for menu, Esc to quit)
Okay, then.
There are monsters nearby!
You don't know any spells.
You don't know any spells.
You hit the ogre but do no damage. You bite the ogre.
The ogre is heavily wounded.
The ogre hits you with a giant spiked club!
You hit the ogre.
The ogre is severely wounded.
You hit the ogre but do no damage.
The ogre is severely wounded.
The ogre hits you with a giant spiked club!!
Ouch! That really hurt!
You die...

#.......############.###### ####
#.#####.#⌠#.._#_..#⌠.# #... #.#
#.#.#...#...#..# #... #.#
#.#.....#......# #..# #.#
#.##..#####..#.# #..#
#.#####......⌠#).....# #..#
#..^....#.##########.########..#
####)####.......OS..........#..#
#.# #.#####@###............. #.#
#.# #.....##..#####.#..# #.#
#.###.#.#.##...........# #.#
#.............#####.##.#
#.####..##.#.#.###.# #.##..
#..............# #.# #.##..
######.######### #.# #.##.. #.#
#.# #.##.. #.###########.#
#.....


You could see an ogre and an adder.

Vanquished Creatures
  An adder (D:2)
  An ooze (D:1)
  3 dart slugs
  2 leopard geckos
  6 bats
  A giant cockroach (D:1)
  4 goblins
  4 hobgoblins
  5 jackals (D:1)
  2 kobolds
  A ball python (D:1)
  A frilled lizard (D:1)
  4 rats (D:1)
35 creatures vanquished.

Notes
Turn   | Place    | Note
-------+----------+-------------------------------------------
     0 | D:1      | neds the Vampire Assassin began the quest for the Orb.
     0 | D:1      | Reached XP level 1. HP: 16/16 MP: 1/1
    34 | D:1      | Reached skill level 6 in Stealth
    70 | D:1      | Reached XP level 2. HP: 12/22 MP: 2/2
   568 | D:1      | Reached XP level 3. HP: 15/27 MP: 3/3
   779 | D:2      | Found a bloodstained altar of Trog.
  1006 | D:2      | Noticed an ogre
  1152 | D:2      | Found an ornate altar of the Wu Jian Council.
  1169 | D:2      | Became a worshipper of the Wu Jian Council
  1179 | D:2      | Found a shadowy altar of Dithmenos.
  1184 | D:2      | Fell from the grace of Wu Jian
  1184 | D:2      | Became a worshipper of Dithmenos the Shadowed
  1252 | D:2      | Demolished by an ogre

Skill      XL: |  1  2  3 |
---------------+----------+-----
Stealth        | 6 |  6.9
Fighting       | 2 |  2.2
Short Blades   | 3 |  3.0
Throwing       | |  1.6
Dodging        | |  1.9

Action                   || total
-------------------------++-------
Melee: Dagger            ||    92
       Bite              ||    12
 Stab: Sleeping          ||    13
  Eat: Corpse            ||     5
Armor: Robe              ||    12
Dodge: Dodged            ||    37
